 Dungeon Crawl Stone Soup version 0.24.0-125-gc4c63601f3 (webtiles) character file.

Game seed: 8606387784201793929, levelgen mode: deterministic

171 H0rd4k the Charlatan (level 5, 0/38 HPs)
             Began as a Human Artificer on Feb 20, 2020.
             Succumbed to an adder's poison
             ... on level 3 of the Dungeon.
             The game lasted 00:03:59 (2500 turns).

H0rd4k the Charlatan (Human Artificer)              Turns: 2500, Time: 00:04:00

Health: 0/38       AC:  3    Str: 13    XL:     5   Next: 81%
Magic:  7/7        EV: 13    Int: 16    God:
Gold:   140        SH:  0    Dex: 14    Spells: 4/4 levels left

rFire    . . .     SeeInvis .   m - +0 dagger (venom)
rCold    . . .     Gourm    .   (no shield)
rNeg     . . .     Faith    .   b - +0 leather armour
rPois    .         Spirit   .   (no helmet)
rElec    .         Reflect  .   (no cloak)
rCorr    .         Harm     .   (no gloves)
MR       .....                  (no boots)
Stlth    ++........             (no amulet)
HPRegen  0.12/turn              (no ring)
MPRegen  0.10/turn              (no ring)

@: brilliant, lethally poisoned (0 -> -17), flying
A: no striking features
a: no special abilities


You were on level 3 of the Dungeon.
You were not hungry.

You visited 1 branch of the dungeon, and saw 4 of its levels.

You collected 140 gold pieces.

Inventory:

Hand Weapons
 a - a +0 short sword
 m - a +0 dagger of venom (weapon)
Armour
 b - a +0 leather armour (worn)
Jewellery
 i - an uncursed ring of fire {unknown}
 l - an uncursed ring of magical power {unknown}
 t - an uncursed ring of wizardry {unknown}
 x - a cursed ring of teleportation {unknown}
Wands
 c - a wand of flame (13)
 d - a wand of enslavement (14)
 e - a wand of random effects (15)
Scrolls
 g - a scroll of fog {unknown}
 j - a scroll of blinking {unknown}
 k - 2 scrolls of identify {unknown}
 n - 3 scrolls of amnesia {unknown}
 o - 2 scrolls of teleportation {unknown}
 p - 2 scrolls of remove curse {unknown}
 u - a scroll of enchant weapon {unknown}
 v - a scroll of fear {unknown}
Potions
 h - a potion of lignification
 s - a potion of might {unknown}
 w - a potion of magic {unknown}
Comestibles
 f - 3 rations
 z - a chunk of flesh


   Skills:
 + Level 1.9 Fighting
 + Level 2.0 Short Blades
 + Level 2.4 Armour
 + Level 3.0 Dodging
 + Level 1.3 Stealth
 + Level 3.8 Evocations


You had 4 spell levels left.
You didn't know any spells.
Your spell library contained the following spells:

 Spells                   Type           Power        Failure   Level  Hunger
 Beastly Appendage        Tmut           #.....       4%          1    ##.....
 Sticks to Snakes         Tmut           #.......     5%          2    ###....
 Spider Form              Tmut/Pois      #.........   11%         3    ####...
 Ice Form                 Ice/Tmut       #.......     30%         4    #####..
 Blade Hands              Tmut           #.........   58%         5    ######.


Dungeon Overview and Level Annotations

Branches:
Dungeon (4/15)
 Temple: D:4-7

Altars:
Gozag
Qazlal
Uskayaw
Wu Jian
Zin

Shops:
D:3 *

Annotations:
D:3 exclusion: downstairs


Message History

The adder is moderately wounded.
* * * LOW HITPOINT WARNING * * *
You feel sick. The adder bites you.
* * * LOW HITPOINT WARNING * * *
You closely miss the adder.
The adder is moderately wounded.
* * * LOW HITPOINT WARNING * * *
You feel sick. The adder bites you.
* * * LOW HITPOINT WARNING * * *
You are more poisoned.
The adder poisons you!
It was a potion of flight.
You feel very buoyant.
You fly up into the air.
* * * LOW HITPOINT WARNING * * *
You feel sick. The adder closely misses you. The adder bites you.
* * * LOW HITPOINT WARNING * * *
It was a potion of brilliance.
You feel clever all of a sudden.
You die...

#.####.#.......########.####
#.# #.####..........##.# #.#
##.####.......##.##.#
##.###.............##.##.#
........######.#...##.##.#
##......# #.#.........#
##.###..# #.#.####.####
........# #.#S# #.#
######### #@####.#
#.#......#######
#......##....>.#
#.####.##.####.# #. #.##.#
#.# # ...... #.# #.##.#. #.#
..##.#.##.# ####.# ##.#


You could see an adder.

Vanquished Creatures
  Natasha (thrice) (D:2)
  3 adders (D:3)
  An ooze (D:2)
  A worm (D:2)
  2 dart slugs
  2 leopard geckos
  3 giant cockroaches (D:1)
  5 goblins
  3 hobgoblins
  6 jackals (D:1)
  10 kobolds
  4 ball pythons
  3 bats (D:1)
  A frilled lizard (D:2)
  8 rats
55 creatures vanquished.

Vanquished Creatures (collateral kills)
  A kobold (D:1)
1 creature vanquished.

Grand Total: 56 creatures vanquished

Notes
Turn   | Place    | Note
-------+----------+-------------------------------------------
     0 | D:1      | H0rd4k the Human Artificer began the quest for the Orb.
     0 | D:1      | Reached XP level 1. HP: 15/15 MP: 3/3
   108 | D:1      | Reached XP level 2. HP: 18/21 MP: 4/4
   592 | D:1      | Reached XP level 3. HP: 15/26 MP: 5/5
  1131 | D:2      | Noticed Natasha
  1138 | D:2      | Killed Natasha
  1138 | D:2      | Reached skill level 1 in Armour
  1138 | D:2      | Reached XP level 4. HP: 30/32 MP: 6/6
  1145 | D:2      | You fall into a shaft and drop 2 floors!
  1268 | D:3      | Found an opulent altar of Gozag.
  1281 | D:3      | Found Gozag's Platinum Reserve.
  1543 | D:2      | Found a stormy altar of Qazlal.
  1613 | D:2      | Noticed a +0 hand axe
  1613 | D:2      | Noticed a +0 hand axe
  1613 | D:2      | Noticed Natasha
  1615 | D:2      | Found a hide-covered altar of Uskayaw.
  1630 | D:2      | Killed Natasha
  1630 | D:2      | Reached XP level 5. HP: 20/38 MP: 7/7
  1807 | D:2      | Found a glowing silver altar of Zin.
  2014 | D:2      | Noticed Natasha
  2025 | D:2      | Killed Natasha
  2272 | D:3      | Found an ornate altar of the Wu Jian Council.
  2499 | D:3      | HP: 1/38 [adder (1)]
  2500 | D:3      | Succumbed to an adder's poison

Levels and vault maps discovered:
D:1:      lightli_arrival_statuegarden, layout_basic,
          hangedman_abyss_or_decor_stabs
D:2:      layout_loops_ring, zin_academy, grunt_qazlal_clouds,
          dancing_weapons_uskayaw, first_ration, minmay_vboxes, uniq_natasha
D:3:      layout_loops_corners, lemuel_round_altar,
          nicolae_gozag_zags_fifth_avenue, lemuel_coloured_pillars_altar,
          nicolae_overflow_crystal_walls, minmay_misc_feat_more_columns
D:4:      layout_layer_cave, minivault_24, uniq_edmund

Skill      XL: |  1  2  3  4  5 |
---------------+----------------+-----
Armour         | 1 2 |  2.4
Dodging        | 3 |  3.0
Short Blades   | 2 |  2.0
Fighting       | |  1.9
Stealth        | |  1.3
Evocations     | |  3.8

Action                   |  1- 3 |  4- 6 || total
-------------------------+-------+-------++-------
Melee: Short sword       |   107 |       ||   107
       Dagger            |    19 |   109 ||   128
Evoke: Wand              |     3 |       ||     3
  Use: Potion            |     2 |     2 ||     4
 Stab: Sleeping          |       |     1 ||     1
  Eat: Chunk             |       |     5 ||     5
Armor: Leather armour    |    27 |    16 ||    43
       Skin              |    10 |       ||    10
Dodge: Dodged            |    95 |    58 ||   153
